 Dungeon Crawl Stone Soup version 0.27-a0-1365-ge71e8f7681 (webtiles) character file.

Game seed: 5221512117832160148

430 Froggeryz the Cutter (level 6, 0/42 HPs)
             Began as an Octopode Berserker on June 28, 2021.
             Was a Believer of Trog.
             Succumbed to Edmund's poison
             ... on level 4 of the Dungeon.
             The game lasted 00:02:53 (3707 turns).

Froggeryz the Cutter (Octopode Berserker)           Turns: 3707, Time: 00:02:53

Health: 0/42       AC:  1    Str: 16    XL:     6   Next: 99%
Magic:  6/6        EV: 29    Int:  9    God:    Trog [**....]
Gold:   160        SH:  0    Dex: 14    Spells: 5/5 levels left

rFire    + . .     SeeInvis .   a - +0 short sword
rCold    . . .     Faith    .   (no shield)
rNeg     . . .     Spirit   .   (helmet restricted)
rPois    .         Reflect  .   b - amulet of the acrobat
rElec    .         Harm     .   g - ring of flight
rCorr    .         Rampage  .   u - ring of protection from fire
Will     .....                  (no ring)
Stlth    ++++......             (no ring)
HPRegen  0.14/turn              (no ring)
MPRegen  0.10/turn              (no ring)
                                (no ring)
                                (no ring)

@: lethally poisoned (0 -> -14), on berserk cooldown, acrobatic, flying, slowed,
very slow
A: almost no armour, amphibious, 8 rings, camouflage 1, gelatinous body 1,
(nimble swimmer 1), tentacles
a: Renounce Religion, Berserk, Trog's Hand


You were on level 4 of the Dungeon.
You worshipped Trog.
Trog was pleased with you.
You visited 1 branch of the dungeon, and saw 4 of its levels.

You collected 160 gold pieces.

Inventory:

Hand Weapons
 a - a +0 short sword (weapon)
Jewellery
 b - an amulet of the acrobat (around mantle)
 f - a ring of ice
 g - a ring of flight (left tentacle)
 u - a ring of protection from fire (right tentacle)
Scrolls
 d - a scroll of noise {unknown}
 h - a scroll of torment {unknown}
 i - a scroll of teleportation {unknown}
 k - 2 scrolls of identify {unknown}
 l - a scroll of silence {unknown}
 n - 2 scrolls of blinking {unknown}
 q - a scroll of magic mapping {unknown}
 s - a scroll of vulnerability {unknown}
 t - a scroll of enchant armour {unknown}
Potions
 c - 2 potions of curing {unknown}
 e - a potion of flight {unknown}
 j - 2 potions of heal wounds {unknown}
 m - a potion of ambrosia {unknown}
 o - a potion of resistance {unknown}
 p - a potion of berserk rage {unknown}
 r - a potion of brilliance {unknown}
 v - a potion of invisibility {unknown}


   Skills:
 - Level 3.0 Fighting
 * Level 6.4 Short Blades
 - Level 3.0 Dodging
 + Level 5.5 Stealth


You had 5 spell levels left.
You didn't know any spells.
Your spell library was empty.

Dungeon Overview and Level Annotations

Branches:
Dungeon (4/15)
 Temple: D:4-7

Altars:

Annotations:
D:3 2 runed translucent doors, BlueGoblin's ghost, amateur FoEE


Innate Abilities, Weirdness & Mutations

You cannot wear most types of armour.
You are amphibious.
You can wear up to eight rings at the same time.
Your skin changes colour to match your surroundings (Stealth+).
Your rubbery body absorbs attacks. (AC +1, EV +1)
((You are camouflaged near water. (Stealth+)))
You have tentacles for arms and can constrict up to eight enemies at once.


Message History

Edmund is moderately wounded.
You constrict Edmund.
You feel very sick.
You hit Edmund.
Edmund is heavily wounded.
You constrict Edmund.
You feel very sick.
Edmund hits you with a +0 flail of venom.
You are lethally poisoned!
You hit Edmund.
Edmund is heavily wounded.
You constrict Edmund.
You feel very sick.
You hit Edmund. You squeeze Edmund.
Edmund is severely wounded.
You constrict Edmund.
You feel very sick.
Edmund zaps a wand.
The puff of flame hits you. You resist.
* * * LOW HITPOINT WARNING * * *
You hit Edmund. Your squeeze misses Edmund.
Edmund is almost dead.
You constrict Edmund.
* * * LOW HITPOINT WARNING * * *
You feel very sick.
You puncture Edmund!
You kill Edmund!
Trog accepts your kill.
* * * LOW HITPOINT WARNING * * *
You feel sick.
Your Stealth skill increases to level 5!
* * * LOW HITPOINT WARNING * * *
You feel very sick.
Items here: ) / [ †.
You feel a strong urge to attack something.
* * * LOW HITPOINT WARNING * * *
You feel very sick.
You are no longer berserk.
You are exhausted.
You feel yourself slow down.
You die...

#..# )# ##.#### .##
#....## .$ ####..#
#.## ##### ##.#
#..# #...
#.#####.###.#
#..#........##
##.#<##....<.#####.
#...##..).@.......
######......######
########


There were no monsters in sight!

Vanquished Creatures
  Sigmund (D:2)
  Edmund (D:4)
  Terence (D:2)
  Robin (D:2)
  3 adders
  A dart slug (D:4)
  3 orcs (D:3)
  5 ball pythons
  7 bats
  5 endoplasms
  2 giant cockroaches (D:1)
  14 goblins
  11 hobgoblins
  3 jackals
  3 quokkas
  3 frilled lizards
  7 kobolds
  A rat (D:3)
72 creatures vanquished.

Vanquished Creatures (others)
  A plant (D:1)
1 creature vanquished.

Grand Total: 73 creatures vanquished

Notes
Turn   | Place    | Note
-------+----------+-------------------------------------------
     0 | D:1      | Froggeryz the Octopode Berserker began the quest for the
                  | Orb.
     0 | D:1      | Reached XP level 1. HP: 16/16 MP: 1/1
    63 | D:1      | Reached skill level 1 in Stealth
   108 | D:1      | Reached XP level 2. HP: 20/21 MP: 2/2
   478 | D:1      | Reached XP level 3. HP: 3/26 MP: 3/3
   854 | D:1      | Found a faded altar of an unknown god.
  1120 | D:1      | Reached ** piety under Trog
  1662 | D:2      | Reached skill level 4 in Short Blades
  1767 | D:2      | Noticed Terence
  1775 | D:2      | Killed Terence
  1776 | D:2      | Reached XP level 4. HP: 31/31 MP: 4/4
  1843 | D:2      | Noticed Robin
  2207 | D:2      | Noticed Sigmund
  2215 | D:2      | HP: 1/31 [Sigmund (12)]
  2219 | D:2      | Killed Sigmund
  2220 | D:2      | Reached skill level 5 in Short Blades
  2220 | D:2      | Reached XP level 5. HP: 6/36 MP: 5/5
  2220 | D:2      | Reached XP level 6. HP: 7/42 MP: 6/6
  2452 | D:2      | Killed Robin
  2698 | D:3      | Noticed BlueGoblin's ghost (amateur FoEE)
  2699 | D:3      | Found a large runed translucent door.
  2699 | D:3      | Found a large runed translucent door.
  3587 | D:4      | Reached skill level 6 in Short Blades
  3692 | D:4      | Noticed Edmund
  3704 | D:4      | Killed Edmund
  3705 | D:4      | Reached skill level 5 in Stealth
  3706 | D:4      | HP: 3/63 [poisoned by Edmund]
  3707 | D:4      | Succumbed to Edmund's poison

Illustrated notes

Levels and vault maps discovered:
D:1:      roderic_dead_forest, layout_basic,
          chequers_ecumenical_altar_simple_redux, serial_bayou,
          serial_bayou_ford_a, serial_bayou_pond_e, serial_bayou_pond_b,
          serial_bayou_lake_a, chequers_serial_rivers_micro_e,
          palyth_stone_intersect, minmay_pentomino_o2
D:2:      layout_basic, uniq_sigmund, uniq_terence, uniq_robin
D:3:      layout_loops_ring, ebering_ghost_disaster_area,
          chequers_serial_rivers_large_a, grunt_decor_arrowhead,
          kennysheep_generic_room_3
D:4:      layout_rooms, amcnicky_mini_pool_small, feat_on_display, uniq_edmund

Skill      XL: |  1  2  3  4  5  6 |
---------------+-------------------+-----
Stealth        | 1 2 4 5 |  5.5
Short Blades   | 4 5 6 |  6.4
Fighting       | |  3.0
Dodging        | |  3.0

Action                   |  1- 3 |  4- 6 || total
-------------------------+-------+-------++-------
Melee: Short sword       |    72 |    70 ||   142
       Constrict         |    10 |    16 ||    26
       Tentacles         |    10 |    12 ||    22
Invok: Berserk           |     1 |     3 ||     4
       Trog's Hand       |       |     1 ||     1
  Use: Scroll            |       |     1 ||     1
 Stab: Sleeping          |     8 |    10 ||    18
Armor: Skin              |     4 |     2 ||     6
Dodge: Dodged            |    75 |    39 ||   114

Table legend: (Time is in decaauts)
 A = Elapsed time spent in this place.
 B = Non-inter-level travel time spent in this place.
 C = Inter-level travel time spent in this place.
 D = Time resting spent in this place.
 E = Time spent auto-exploring this place.
 F = Levels seen in this place.
 G = Mean time per level.
                   A        B        C        D        E       F      G
               +--------+--------+--------+--------+--------+-----+--------+
         Total |   3713 |   3661 |     52 |    626 |   2512 |   4 |  928.2 |
       Dungeon |   3713 |   3661 |     52 |    626 |   2512 |   4 |  928.2 |
               +--------+--------+--------+--------+--------+-----+--------+

Top non-repeatable levels by time:
     D:1: 1644 daAuts
     D:2: 977 daAuts
     D:3: 847 daAuts
     D:4: 245 daAuts
